 Dungeon Crawl Stone Soup version 0.27.1-15-g792fb953b9 (webtiles) character file.

Game seed: 4011063892638049497

597 zeram the Shield-Bearer (level 7, -2/60 HPs)
             Began as a Gnoll Fighter on Nov 19, 2021.
             Slain by an orc warrior (8 damage)
             ... on level 4 of the Dungeon.
             The game lasted 00:05:37 (3586 turns).

zeram the Shield-Bearer (Gnoll Fighter)             Turns: 3586, Time: 00:05:38

Health: -2/60      AC:  9    Str: 15    XL:     7   Next: 40%
Magic:  10/10      EV:  8    Int: 15    God:
Gold:   84         SH: 10    Dex: 12    Spells: 10/10 levels left

rFire    . . .     SeeInvis .   a - +0 war axe
rCold    . . .     Faith    .   c - +0 kite shield
rNeg     . . .     Spirit   .   b - +0 scale mail
rPois    .         Reflect  .   (no helmet)
rElec    .         Harm     .   (no cloak)
rCorr    +         Rampage  .   (no gloves)
Will     .....                  m - +0 pair of boots
Stlth    +.........             h - amulet of magic regeneration
HPRegen  0.20/turn              j - +6 ring of intelligence
MPRegen  0.37/turn              e - ring of resist corrosion

@: no status effects
A: fangs 1, strong nose, distributed training
a: no special abilities


You were on level 4 of the Dungeon.
You visited 1 branch of the dungeon, and saw 4 of its levels.

You collected 84 gold pieces.

Inventory:

Hand Weapons
 a - a +0 war axe (weapon)
Armour
 b - a +0 scale mail (worn)
 c - a +0 kite shield (worn)
 m - a +0 pair of boots (worn)
Jewellery
 e - a ring of resist corrosion (right hand)
 h - an amulet of magic regeneration (around neck)
 j - a +6 ring of intelligence (left hand)
Scrolls
 g - a scroll of identify
 i - 2 scrolls of teleportation
Potions
 f - a potion of haste
 l - a potion of magic


   Skills:
 + Level 7.0 Fighting
 + Level 2.4 Short Blades
 + Level 2.4 Long Blades
 + Level 5.2 Axes
 + Level 2.4 Maces & Flails
 + Level 2.4 Polearms
 + Level 2.4 Staves
 + Level 2.4 Slings
 + Level 2.4 Bows
 + Level 2.4 Crossbows
 + Level 2.4 Throwing
 + Level 7.0 Armour
 + Level 2.4 Dodging
 + Level 2.4 Stealth
 + Level 7.0 Shields
 + Level 2.4 Unarmed Combat
 + Level 2.4 Spellcasting
 + Level 2.0 Conjurations
 + Level 2.0 Hexes
 + Level 2.0 Summonings
 + Level 2.0 Necromancy
 + Level 2.0 Translocations
 + Level 2.0 Transmutations
 + Level 2.0 Fire Magic
 + Level 2.0 Ice Magic
 + Level 2.0 Air Magic
 + Level 2.0 Earth Magic
 + Level 2.0 Poison Magic
 + Level 2.7 Invocations
 + Level 2.4 Evocations


You had 10 spell levels left.
You didn't know any spells.
Your spell library was empty.

Dungeon Overview and Level Annotations

Branches:
Dungeon (4/15)
 Temple: D:4-7

Altars:
Dithmenos


Innate Abilities, Weirdness & Mutations

You have very sharp teeth.
Your uncanny sense of smell can sniff out nearby items.
Your experience applies equally to all skills.


Message History

You kill the ogre!
The orc warrior hits you from afar with a +0 trident.
Your Conjurations skill increases to level 2!
Your Hexes skill increases to level 2!
Your Summonings skill increases to level 2!
Your Necromancy skill increases to level 2!
Your Translocations skill increases to level 2!
Your Transmutations skill increases to level 2!
Your Fire Magic skill increases to level 2!
Your Ice Magic skill increases to level 2!
Your Air Magic skill increases to level 2!
Your Earth Magic skill increases to level 2!
Your Poison Magic skill increases to level 2!
You block the orc warrior's attack.
There is a large open door here.
You barely miss the orc warrior. You block the orc warrior's attack.
The orc warrior hits you with a +0 trident.
You completely miss the orc warrior.
The orc warrior hits you with a +0 trident!
You slash the orc warrior! Your bite misses the orc warrior.
The orc warrior is moderately wounded.
You block the orc warrior's attack.
You hit the orc warrior but do no damage.
The orc warrior is moderately wounded.
The orc warrior hits you with a +0 trident. x2
* * * LOW HITPOINT WARNING * * *
You hit the orc warrior but do no damage.
The orc warrior is moderately wounded.
The orc warrior closely misses you.
You hit the orc warrior.
The orc warrior is heavily wounded.
The orc warrior hits you with a +0 trident!
* * * LOW HITPOINT WARNING * * *
You block the orc warrior's attack.
Unknown command.
Okay, then.
You hit the orc warrior but do no damage.
The orc warrior is heavily wounded.
The orc warrior hits you with a +0 trident!
You die...

######
###############....
#.................
.......# ##.....########
....†..###......#......#
..........(.....#.♣..♣
#......#.#....>o@..♣
#......#......<.').♣
#######....##...#.♣..♣
#....##...#......#
#.........########
#....####+# #.....
#######.... ......'.


You could see an orc warrior.

Vanquished Creatures
  An ice beast (D:4)
  An ogre (D:4)
  A phantom (D:3)
  A hound (D:3)
  3 orc priests
  7 gnolls (D:4)
  6 adders
  2 worms
  2 dart slugs
  6 orcs
  5 ball pythons
  9 endoplasms
  5 giant cockroaches
  6 goblins
  15 hobgoblins
  2 quokkas
  8 bats
  7 frilled lizards
  7 kobolds
  3 rats
97 creatures vanquished.

Notes
Turn   | Place    | Note
-------+----------+-------------------------------------------
     0 | D:1      | zeram the Gnoll Fighter began the quest for the Orb.
     0 | D:1      | Reached XP level 1. HP: 23/23 MP: 1/1
    76 | D:1      | Reached XP level 2. HP: 28/29 MP: 2/2
   202 | D:1      | Found a faded altar of an unknown god.
   339 | D:1      | Reached XP level 3. HP: 35/35 MP: 3/3
   619 | D:1      | Reached skill level 1 in Invocations
   741 | D:2      | Found a shadowy altar of Dithmenos.
   931 | D:2      | Reached skill level 1 in Short Blades
   931 | D:2      | Reached skill level 1 in Long Blades
   931 | D:2      | Reached skill level 1 in Maces & Flails
   931 | D:2      | Reached skill level 1 in Polearms
   931 | D:2      | Reached skill level 1 in Staves
   931 | D:2      | Reached skill level 1 in Slings
   931 | D:2      | Reached skill level 1 in Bows
   931 | D:2      | Reached skill level 1 in Crossbows
   931 | D:2      | Reached skill level 1 in Throwing
   931 | D:2      | Reached skill level 1 in Dodging
   931 | D:2      | Reached skill level 1 in Stealth
   931 | D:2      | Reached skill level 1 in Unarmed Combat
   931 | D:2      | Reached skill level 1 in Spellcasting
   931 | D:2      | Reached skill level 1 in Evocations
  1095 | D:2      | Reached XP level 4. HP: 41/41 MP: 5/5
  1792 | D:3      | Reached skill level 1 in Conjurations
  1792 | D:3      | Reached skill level 1 in Hexes
  1792 | D:3      | Reached skill level 1 in Summonings
  1792 | D:3      | Reached skill level 1 in Necromancy
  1792 | D:3      | Reached skill level 1 in Translocations
  1792 | D:3      | Reached skill level 1 in Transmutations
  1792 | D:3      | Reached skill level 1 in Fire Magic
  1792 | D:3      | Reached skill level 1 in Ice Magic
  1792 | D:3      | Reached skill level 1 in Air Magic
  1792 | D:3      | Reached skill level 1 in Earth Magic
  1792 | D:3      | Reached skill level 1 in Poison Magic
  1951 | D:3      | Reached XP level 5. HP: 44/47 MP: 6/6
  2463 | D:3      | Reached XP level 6. HP: 53/53 MP: 8/8
  2739 | D:4      | Noticed an ice beast
  2753 | D:4      | Killed an ice beast
  2754 | D:4      | Reached skill level 5 in Axes
  3220 | D:4      | Reached XP level 7. HP: 56/59 MP: 10/10
  3586 | D:4      | Slain by an orc warrior

Illustrated notes

Levels and vault maps discovered:
D:1:      evilmike_arrival_crescent, layout_basic,
          hellmonk_ecumenical_altar_arch_garden
D:2:      layout_basic, basic_altar
D:3:      layout_basic, minivault_24, kennysheep_generic_room_13
D:4:      layout_basic, nicolae_ossuary_entry_plus, kennysheep_generic_room_15

Skill      XL: |  1  2  3  4  5  6  7 |
---------------+----------------------+-----
Invocations    | 1 2 |  2.7
Short Blades   | 1 2 |  2.4
Long Blades    | 1 2 |  2.4
Maces & Flails | 1 2 |  2.4
Polearms       | 1 2 |  2.4
Staves         | 1 2 |  2.4
Slings         | 1 2 |  2.4
Bows           | 1 2 |  2.4
Crossbows      | 1 2 |  2.4
Throwing       | 1 2 |  2.4
Dodging        | 1 2 |  2.4
Stealth        | 1 2 |  2.4
Unarmed Combat | 1 2 |  2.4
Spellcasting   | 1 2 |  2.4
Evocations     | 1 2 |  2.4
Conjurations   | 1 2 |  2.0
Hexes          | 1 2 |  2.0
Summonings     | 1 2 |  2.0
Necromancy     | 1 2 |  2.0
Translocations | 1 2 |  2.0
Transmutations | 1 2 |  2.0
Fire Magic     | 1 2 |  2.0
Ice Magic      | 1 2 |  2.0
Air Magic      | 1 2 |  2.0
Earth Magic    | 1 2 |  2.0
Poison Magic   | 1 2 |  2.0
Axes           | 5 |  5.2
Fighting       | 7 |  7.0
Armour         | 7 |  7.0
Shields        | 7 |  7.0

Action                   |  1- 3 |  4- 6 |  7- 9 || total
-------------------------+-------+-------+-------++-------
Melee: War axe           |   101 |   165 |    42 ||   308
       Bite              |     8 |    14 |     4 ||    26
  Use: Scroll            |       |     5 |       ||     5
       Potion            |       |     1 |       ||     1
Armor: Scale mail        |    53 |    76 |    20 ||   149
Dodge: Dodged            |    38 |    51 |    10 ||    99
Block: Kite shield       |    56 |   114 |    26 ||   196
